2915 views
Uploaded 2020-03-04 18:38:56
Game version 1.32.2
13:34 long 4on4 ladder game on (8)NerubianPassage
Saved by Teelo
2915 views
Uploaded 2020-03-04 18:38:56
Game version 1.32.2
13:34 long 4on4 ladder game on (8)NerubianPassage


106 units @ 13.3k
/ 1.1k
50 buildings @ 7.7k
/ 3.2k


| Healing Salve | 4 | 400 |
| Potion of Healing | 2 | 300 |
| Potion of Mana | 2 | 400 |
| Scroll of Town Portal | 2 | 700 |
| total: | 10 | 1800g |
| Peon | 12 | 900 | / | 0 |
| Grunt | 6 | 1200 | / | 0 |
| total: | 18 | 2100g | / | 0w |
| Watch Tower | 4 | 440 | / | 320 |
| Altar of Storms | 1 | 180 | / | 50 |
| Orc Burrow | 5 | 800 | / | 200 |
| Barracks | 1 | 180 | / | 50 |
| Voodoo Lounge | 1 | 130 | / | 30 |
| Great Hall | 1 | 385 | / | 185 |
| War Mill | 1 | 205 | / | 0 |
| Spirit Lodge | 2 | 300 | / | 300 |
| Tauren Totem | 2 | 270 | / | 310 |
| Stronghold | 1 | 315 | / | 190 |
| Fortress | 1 | 325 | / | 190 |
| total: | 18 | 2890g | / | 1445w |
| 0:05 | Altar of Storms |
| 0:08 | Orc Burrow |
| 0:10 | Peon |
| 0:34 | Barracks |
| 0:38 | Peon |
| 0:55 | Peon |
| 1:16 | Peon |
| 1:31 | Peon |
| 1:35 | Orc Burrow |
| 1:50 | Grunt |
| 2:04 | Voodoo Lounge |
| 2:09 | Feral Spirit |
| 2:32 | Grunt |
| 2:45 | Peon |
| 2:52 | Pillage |
| 2:57 | Grunt |
| 3:07 | Healing Salve |
| 3:35 | Grunt |
| 4:03 | Chain Lighting |
| 4:50 | Great Hall |
| 4:58 | Peon |
| 4:58 | Peon |
| 5:02 | War Mill |
| 5:07 | Healing Salve |
| 5:36 | Stronghold |
| 6:30 | Feral Spirit |
| 6:50 | Orc Burrow |
| 6:53 | Orc Burrow |
| 6:54 | Orc Burrow |
| 7:48 | Grunt |
| 7:48 | Grunt |
| 7:53 | Peon |
| 7:53 | Peon |
| 7:53 | Peon |
| 7:55 | Peon |
| 7:57 | Watch Tower |
| 9:24 | Watch Tower |
| 9:25 | Watch Tower |
| 9:28 | Watch Tower |
| 9:33 | Reinforced Defenses |
| 9:37 | Spirit Lodge |
| 9:39 | Tauren Totem |
| 9:45 | Tauren Totem |
| 9:52 | Spirit Lodge |
| 9:56 | Scroll of Town Portal |
| 9:57 | Potion of Healing |
| 10:00 | Potion of Mana |
| 10:06 | Fortress |
| 10:12 | Healing Wave |
| 11:28 | Shaman Adept Training |
| 11:30 | Witch Doctor Adept Training |
| 12:00 | Healing Salve |
| 12:07 | Healing Salve |
| 12:12 | Scroll of Town Portal |
| 12:12 | Potion of Healing |
| 12:13 | Potion of Mana |
| 12:34 | Chain Lighting |
| Right click | 1049 |
| Select group | 303 |
| Select | 147 |
| Build/train/purchase | 60 |
| Assign group | 54 |
| Use ability | 20 |
| Resource trade | 5 |
| Minimap ping | 2 |
| Misc. action | 1 |
| Item give/drop | 1 |


| Circlet of Nobility | 1 | 175 |
| Legion Doom-Horn | 1 | 500 |
| Slippers of Agility +3 | 1 | 100 |
| Gauntlets of Ogre Strength +3 | 1 | 100 |
| Claws of Attack +12 | 1 | 500 |
| total: | 5 | 1375g |
| Wisp | 8 | 480 | / | 0 |
| Archer | 20 | 2600 | / | 200 |
| Hippogryph | 8 | 1280 | / | 160 |
| total: | 36 | 4360g | / | 360w |
| Ancient of War | 2 | 300 | / | 120 |
| Altar of Elders | 1 | 180 | / | 50 |
| Moon Well | 4 | 720 | / | 160 |
| Ancient of Wind | 2 | 300 | / | 280 |
| Tree of Ages | 1 | 320 | / | 180 |
| total: | 9 | 1500g | / | 610w |
| 0:08 | Wisp |
| 0:29 | Ancient of War |
| 0:35 | Wisp |
| 0:55 | Altar of Elders |
| 0:58 | Wisp |
| 1:17 | Moon Well |
| 1:37 | Archer |
| 1:37 | Archer |
| 1:37 | Archer |
| 1:37 | Archer |
| 1:38 | Archer |
| 1:48 | Wisp |
| 2:38 | Archer |
| 2:38 | Archer |
| 2:38 | Archer |
| 2:39 | Archer |
| 3:38 | Trueshot Aura |
| 3:50 | Tree of Ages |
| 4:03 | Moon Well |
| 6:00 | Ancient of War |
| 6:20 | Ancient of Wind |
| 6:56 | Wisp |
| 6:56 | Wisp |
| 7:02 | Wisp |
| 7:03 | Wisp |
| 7:09 | Archer |
| 7:09 | Archer |
| 7:09 | Archer |
| 7:09 | Archer |
| 7:10 | Archer |
| 7:10 | Archer |
| 7:10 | Archer |
| 7:38 | Immolation |
| 7:41 | Searing Arrows |
| 7:57 | Hippogryph |
| 7:57 | Hippogryph |
| 7:58 | Hippogryph |
| 7:58 | Hippogryph |
| 7:58 | Hippogryph |
| 7:59 | Hippogryph |
| 7:59 | Hippogryph |
| 9:19 | Searing Arrows |
| 9:26 | Evasion |
| 9:51 | Circlet of Nobility |
| 9:54 | Legion Doom-Horn |
| 9:57 | Slippers of Agility +3 |
| 10:04 | Gauntlets of Ogre Strength +3 |
| 10:06 | Claws of Attack +12 |
| 10:32 | Moon Well |
| 10:36 | Moon Well |
| 11:21 | Archer |
| 11:21 | Archer |
| 12:13 | Ancient of Wind |
| 13:12 | Archer |
| 13:12 | Archer |
| 13:16 | Hippogryph |
| Select | 163 |
| Right click | 104 |
| Build/train/purchase | 59 |
| Remove unit | 7 |
| Use ability | 5 |
| Item give/drop | 2 |
| Minimap ping | 1 |

| Potion of Healing | 1 | 150 |
| total: | 1 | 150g |
| Peon | 8 | 600 | / | 0 |
| Grunt | 1 | 200 | / | 0 |
| Troll Headhunter | 11 | 1540 | / | 220 |
| Troll Berserker | 4 | 560 | / | 80 |
| total: | 24 | 2900g | / | 300w |
| Altar of Storms | 1 | 180 | / | 50 |
| Orc Burrow | 3 | 480 | / | 120 |
| Barracks | 2 | 360 | / | 100 |
| War Mill | 1 | 205 | / | 0 |
| Voodoo Lounge | 1 | 130 | / | 30 |
| Stronghold | 1 | 315 | / | 190 |
| Fortress | 1 | 325 | / | 190 |
| total: | 8 | 1355g | / | 300w |
| 0:03 | Peon |
| 0:03 | Peon |
| 0:03 | Peon |
| 0:20 | Altar of Storms |
| 0:34 | Orc Burrow |
| 0:38 | Peon |
| 0:50 | Barracks |
| 0:59 | War Mill |
| 1:06 | Peon |
| 1:37 | Peon |
| 1:38 | Peon |
| 1:53 | Orc Burrow |
| 1:57 | Grunt |
| 2:10 | Troll Headhunter |
| 2:10 | Troll Headhunter |
| 2:13 | Peon |
| 2:29 | Endurance Aura |
| 2:50 | Voodoo Lounge |
| 2:55 | Troll Headhunter |
| 2:56 | Troll Headhunter |
| 3:05 | Barracks |
| 3:19 | Troll Headhunter |
| 3:53 | Stronghold |
| 4:01 | Orc Burrow |
| 4:14 | Troll Headhunter |
| 4:58 | Troll Headhunter |
| 5:00 | Steel Ranged Weapons |
| 5:25 | Steel Armor |
| 5:28 | Troll Headhunter |
| 6:42 | Fortress |
| 6:45 | Troll Regeneration |
| 6:45 | Troll Headhunter |
| 6:53 | Potion of Healing |
| 7:11 | Thorium Armor |
| 7:27 | War Stomp |
| 8:16 | Endurance Aura |
| 8:55 | Troll Headhunter |
| 8:57 | Thorium Ranged Weapons |
| 8:58 | Reinforced Defenses |
| 9:02 | Berserker Upgrade |
| 9:36 | Troll Headhunter |
| 10:28 | Troll Berserker |
| 10:36 | Troll Berserker |
| 11:17 | Troll Berserker |
| 11:40 | Troll Berserker |
| 12:46 | War Stomp |
| Right click | 298 |
| Select | 180 |
| Build/train/purchase | 54 |
| Misc. action | 5 |
| Use ability | 5 |
| Remove unit | 2 |


| Scroll of Regeneration | 1 | 100 |
| Lesser Clarity Potion | 1 | 70 |
| Mantle of Intelligence +3 | 1 | 100 |
| Belt of Giant Strength +6 | 1 | 400 |
| Ring of Protection +3 | 1 | 125 |
| total: | 5 | 795g |
| Peasant | 12 | 900 | / | 0 |
| Rifleman | 12 | 2460 | / | 360 |
| Priest | 4 | 540 | / | 40 |
| total: | 28 | 3900g | / | 400w |
| Altar of Kings | 1 | 180 | / | 50 |
| Farm | 7 | 560 | / | 140 |
| Blacksmith | 1 | 140 | / | 60 |
| Barracks | 1 | 160 | / | 60 |
| Arcane Vault | 1 | 130 | / | 30 |
| Lumber Mill | 1 | 120 | / | 0 |
| Town Hall | 1 | 385 | / | 205 |
| Arcane Sanctum | 2 | 300 | / | 280 |
| Keep | 1 | 320 | / | 210 |
| Castle | 1 | 360 | / | 210 |
| total: | 15 | 1975g | / | 825w |
| 0:04 | Peasant |
| 0:04 | Peasant |
| 0:07 | Altar of Kings |
| 0:12 | Farm |
| 0:23 | Peasant |
| 0:36 | Peasant |
| 0:54 | Peasant |
| 1:15 | Peasant |
| 1:21 | Blacksmith |
| 1:28 | Barracks |
| 1:35 | Peasant |
| 1:36 | Peasant |
| 1:42 | Farm |
| 1:59 | Arcane Vault |
| 2:07 | Storm Bolt |
| 2:34 | Rifleman |
| 2:41 | Farm |
| 2:48 | Rifleman |
| 3:02 | Rifleman |
| 3:31 | Rifleman |
| 3:43 | Farm |
| 3:47 | Studded Leather Armor |
| 3:58 | Lumber Mill |
| 4:09 | Scroll of Regeneration |
| 4:09 | Lesser Clarity Potion |
| 4:34 | Keep |
| 5:05 | Rifleman |
| 5:08 | Black Gunpowder |
| 5:29 | Rifleman |
| 5:35 | Bash |
| 6:09 | Farm |
| 6:57 | Long Rifles |
| 7:11 | Farm |
| 7:33 | Town Hall |
| 7:41 | Storm Bolt |
| 7:51 | Farm |
| 7:56 | Arcane Sanctum |
| 8:02 | Peasant |
| 8:04 | Improved Lumber Harvesting |
| 8:12 | Holy Light |
| 8:31 | Rifleman |
| 8:45 | Rifleman |
| 8:50 | Mantle of Intelligence +3 |
| 8:53 | Belt of Giant Strength +6 |
| 9:24 | Ring of Protection +3 |
| 9:36 | Peasant |
| 9:36 | Peasant |
| 9:36 | Peasant |
| 9:40 | Priest |
| 9:50 | Arcane Sanctum |
| 10:03 | Rifleman |
| 10:25 | Priest |
| 10:30 | Castle |
| 10:35 | Priest Adept Training |
| 11:01 | Divine Shield |
| 11:05 | Rifleman |
| 11:07 | Priest |
| 12:36 | Bash |
| 13:09 | Priest Master Training |
| 13:09 | Priest |
| 13:11 | Rifleman |
| 13:11 | Rifleman |
| Right click | 313 |
| Select | 165 |
| Select group | 94 |
| Build/train/purchase | 53 |
| Use ability | 23 |
| Misc. action | 21 |
| Assign group | 15 |
| Minimap ping | 5 |
99 units @ 13.4k
/ 1.2k
67 buildings @ 10k
/ 4.5k


| Healing Salve | 2 | 200 |
| Lesser Clarity Potion | 2 | 140 |
| total: | 4 | 340g |
| Peon | 14 | 1050 | / | 0 |
| Grunt | 7 | 1400 | / | 0 |
| Tauren | 3 | 840 | / | 240 |
| Blue Dragonspawn Meddler | 1 | 145 | / | 0 |
| total: | 25 | 3435g | / | 240w |
| Watch Tower | 2 | 220 | / | 160 |
| Altar of Storms | 1 | 180 | / | 50 |
| Orc Burrow | 5 | 800 | / | 200 |
| Barracks | 2 | 360 | / | 100 |
| Voodoo Lounge | 1 | 130 | / | 30 |
| War Mill | 1 | 205 | / | 0 |
| Great Hall | 1 | 385 | / | 185 |
| Tauren Totem | 2 | 270 | / | 310 |
| Stronghold | 1 | 315 | / | 190 |
| Fortress | 2 | 650 | / | 380 |
| total: | 15 | 2550g | / | 1035w |
| 0:03 | Peon |
| 0:04 | Peon |
| 0:09 | Altar of Storms |
| 0:12 | Peon |
| 0:16 | Orc Burrow |
| 0:38 | Barracks |
| 0:40 | Barracks |
| 0:58 | Peon |
| 0:59 | Peon |
| 1:22 | Peon |
| 1:34 | Voodoo Lounge |
| 1:43 | Grunt |
| 1:53 | Orc Burrow |
| 1:59 | Peon |
| 1:59 | Peon |
| 2:16 | Critical Strike |
| 2:32 | War Mill |
| 2:50 | Grunt |
| 3:06 | Healing Salve |
| 3:07 | Lesser Clarity Potion |
| 3:20 | Grunt |
| 3:27 | Stronghold |
| 3:55 | Grunt |
| 4:02 | Orc Burrow |
| 4:06 | Wind Walk |
| 4:16 | Blue Dragonspawn Meddler |
| 4:38 | Watch Tower |
| 4:40 | Watch Tower |
| 5:26 | Grunt |
| 5:26 | Grunt |
| 5:40 | Wind Walk |
| 6:13 | Tauren Totem |
| 6:40 | Great Hall |
| 6:47 | Lesser Clarity Potion |
| 6:50 | War Stomp |
| 6:56 | Healing Salve |
| 7:11 | Peon |
| 7:11 | Peon |
| 7:39 | Berserker Strength |
| 7:58 | Fortress |
| 8:25 | Tauren Totem |
| 9:02 | Endurance Aura |
| 9:27 | Orc Burrow |
| 9:28 | Orc Burrow |
| 9:35 | Grunt |
| 9:37 | Peon |
| 9:38 | Peon |
| 9:38 | Peon |
| 9:38 | Peon |
| 10:02 | Steel Melee Weapons |
| 10:02 | Steel Armor |
| 10:15 | Critical Strike |
| 10:35 | Pulverize |
| 10:36 | Tauren |
| 11:36 | Tauren |
| 11:38 | Endurance Aura |
| 12:33 | Tauren |
| 13:08 | Wind Walk |
| Right click | 426 |
| Select | 241 |
| Build/train/purchase | 71 |
| Chat | 20 |
| Misc. action | 14 |
| Assign group | 7 |
| Select group | 7 |
| Use ability | 4 |
| Item give/drop | 1 |
| Remove unit | 1 |

| Scroll of Regeneration | 1 | 100 |
| Boots of Speed | 1 | 250 |
| Potion of Lesser Invulnerability | 1 | 150 |
| total: | 3 | 500g |
| Peasant | 13 | 975 | / | 0 |
| Footman | 4 | 540 | / | 0 |
| Rifleman | 11 | 2255 | / | 330 |
| Siege Engine | 1 | 195 | / | 60 |
| total: | 29 | 3965g | / | 390w |
| Scout Tower | 3 | 90 | / | 60 |
| Arcane Tower | 1 | 70 | / | 50 |
| Guard Tower | 1 | 70 | / | 50 |
| Altar of Kings | 1 | 180 | / | 50 |
| Farm | 8 | 640 | / | 160 |
| Barracks | 2 | 320 | / | 120 |
| Arcane Vault | 1 | 130 | / | 30 |
| Blacksmith | 1 | 140 | / | 60 |
| Lumber Mill | 1 | 120 | / | 0 |
| Town Hall | 1 | 385 | / | 205 |
| Workshop | 2 | 280 | / | 280 |
| Keep | 2 | 640 | / | 420 |
| Castle | 2 | 720 | / | 420 |
| total: | 20 | 2285g | / | 965w |
| 0:03 | Peasant |
| 0:03 | Peasant |
| 0:18 | Altar of Kings |
| 0:24 | Farm |
| 0:25 | Peasant |
| 0:38 | Barracks |
| 0:40 | Peasant |
| 0:56 | Peasant |
| 1:03 | Farm |
| 1:08 | Farm |
| 1:16 | Peasant |
| 1:35 | Arcane Vault |
| 2:00 | Blacksmith |
| 2:04 | Footman |
| 2:04 | Footman |
| 2:08 | Peasant |
| 2:18 | Farm |
| 2:32 | Scout Tower |
| 2:36 | Footman |
| 2:39 | Peasant |
| 2:45 | Scroll of Regeneration |
| 3:03 | Holy Light |
| 3:04 | Footman |
| 3:07 | Arcane Tower |
| 3:28 | Rifleman |
| 3:44 | Peasant |
| 3:44 | Peasant |
| 3:54 | Farm |
| 4:10 | Keep |
| 5:07 | Rifleman |
| 5:10 | Farm |
| 5:13 | Farm |
| 5:15 | Lumber Mill |
| 5:33 | Devotion Aura |
| 5:43 | Rifleman |
| 5:47 | Black Gunpowder |
| 5:57 | Rifleman |
| 5:59 | Farm |
| 6:36 | Long Rifles |
| 6:39 | Holy Light |
| 6:51 | Town Hall |
| 6:55 | Scout Tower |
| 6:58 | Scout Tower |
| 7:09 | Improved Lumber Harvesting |
| 7:10 | Peasant |
| 7:13 | Workshop |
| 7:25 | Guard Tower |
| 8:26 | Rifleman |
| 8:27 | Devotion Aura |
| 8:35 | Boots of Speed |
| 8:50 | Peasant |
| 8:50 | Peasant |
| 8:54 | Castle |
| 9:14 | Potion of Lesser Invulnerability |
| 9:29 | Workshop |
| 10:33 | Rifleman |
| 10:33 | Rifleman |
| 10:38 | Barracks |
| 10:41 | Refined Gunpowder |
| 10:41 | Studded Leather Armor |
| 12:08 | Holy Light |
| 12:38 | Rifleman |
| 12:41 | Barrage |
| 12:41 | Siege Engine |
| 12:44 | Rifleman |
| 12:44 | Rifleman |
| 12:44 | Rifleman |
| Right click | 732 |
| Select | 271 |
| Misc. action | 88 |
| Build/train/purchase | 67 |
| Chat | 45 |
| Use ability | 12 |
| Select group | 11 |
| Assign group | 5 |
| Minimap ping | 5 |
| Item give/drop | 2 |
| Esc | 2 |
LazyTurtle
(2)
(13:33) : 
| Healing Salve | 1 | 100 |
| total: | 1 | 100g |
| Peon | 7 | 525 | / | 0 |
| Grunt | 7 | 1400 | / | 0 |
| Wind Rider | 4 | 1060 | / | 160 |
| Goblin Shredder | 1 | 375 | / | 100 |
| total: | 19 | 3360g | / | 260w |
| Watch Tower | 1 | 110 | / | 80 |
| Altar of Storms | 1 | 180 | / | 50 |
| Orc Burrow | 5 | 800 | / | 200 |
| Barracks | 1 | 180 | / | 50 |
| Voodoo Lounge | 1 | 130 | / | 30 |
| War Mill | 2 | 410 | / | 0 |
| Beastiary | 3 | 435 | / | 420 |
| Stronghold | 3 | 945 | / | 570 |
| Fortress | 2 | 650 | / | 380 |
| total: | 14 | 2245g | / | 830w |
| 0:03 | Peon |
| 0:03 | Peon |
| 0:09 | Altar of Storms |
| 0:14 | Orc Burrow |
| 0:29 | Barracks |
| 0:40 | Peon |
| 1:07 | Peon |
| 1:29 | Orc Burrow |
| 1:37 | Grunt |
| 1:37 | Grunt |
| 1:57 | Voodoo Lounge |
| 2:03 | Peon |
| 2:13 | Feral Spirit |
| 2:22 | Peon |
| 2:38 | Grunt |
| 3:10 | Grunt |
| 3:19 | Orc Burrow |
| 3:46 | War Mill |
| 3:51 | Chain Lighting |
| 4:12 | Grunt |
| 4:46 | Stronghold |
| 4:46 | Stronghold |
| 5:17 | Grunt |
| 5:47 | Grunt |
| 5:59 | Watch Tower |
| 6:14 | Orc Burrow |
| 6:23 | Healing Salve |
| 7:16 | Beastiary |
| 7:20 | Beastiary |
| 7:24 | Beastiary |
| 7:59 | Goblin Shredder |
| 8:04 | Feral Spirit |
| 8:20 | Peon |
| 8:54 | Wind Rider |
| 9:23 | Fortress |
| 10:03 | Wind Rider |
| 11:24 | Wind Rider |
| 11:28 | Orc Burrow |
| 11:58 | Chain Lighting |
| 11:58 | Chain Lighting |
| 12:07 | Wind Rider |
| 12:09 | Envenomed Spears |
| 12:19 | Steel Ranged Weapons |
| 12:23 | War Mill |
| Right click | 451 |
| Select | 280 |
| Build/train/purchase | 52 |
| Chat | 28 |
| Use ability | 12 |
| Select group | 8 |
| Resource trade | 5 |
| Assign group | 2 |

| Staff of Teleportation | 1 | 150 |
| total: | 1 | 150g |
| Wisp | 22 | 1320 | / | 0 |
| Chimaera | 4 | 1320 | / | 280 |
| total: | 26 | 2640g | / | 280w |
| Ancient Protector | 3 | 405 | / | 240 |
| Moon Well | 6 | 1080 | / | 240 |
| Altar of Elders | 1 | 180 | / | 50 |
| Hunter's Hall | 1 | 210 | / | 100 |
| Ancient of Wonders | 2 | 180 | / | 60 |
| Tree of Life | 1 | 340 | / | 185 |
| Chimaera Roost | 4 | 560 | / | 760 |
| Tree of Ages | 1 | 320 | / | 180 |
| Tree of Eternity | 1 | 330 | / | 200 |
| total: | 18 | 2955g | / | 1635w |
| 0:02 | Wisp |
| 0:02 | Wisp |
| 0:02 | Wisp |
| 0:18 | Moon Well |
| 0:21 | Wisp |
| 0:34 | Altar of Elders |
| 0:46 | Wisp |
| 0:47 | Wisp |
| 0:54 | Moon Well |
| 1:22 | Wisp |
| 1:22 | Wisp |
| 1:23 | Wisp |
| 1:49 | Hunter's Hall |
| 1:59 | Moon Well |
| 2:02 | Wisp |
| 2:02 | Wisp |
| 2:02 | Wisp |
| 2:28 | Moon Well |
| 2:34 | Wisp |
| 2:34 | Wisp |
| 2:34 | Wisp |
| 2:37 | Entangling Roots |
| 2:53 | Ultravision |
| 3:20 | Ancient Protector |
| 3:21 | Ancient Protector |
| 3:47 | Tree of Ages |
| 4:05 | Strength of the Wild |
| 4:06 | Reinforced Hides |
| 4:15 | Ancient of Wonders |
| 4:49 | Thorns Aura |
| 5:07 | Moon Well |
| 5:11 | Moon Well |
| 5:17 | Ancient of Wonders |
| 5:21 | Ancient Protector |
| 6:24 | Tree of Eternity |
| 6:43 | Improved Strength of the Wild |
| 6:43 | Improved Reinforced Hides |
| 6:50 | Staff of Teleportation |
| 8:31 | Entangling Roots |
| 8:51 | Chimaera Roost |
| 8:53 | Chimaera Roost |
| 8:54 | Chimaera Roost |
| 9:00 | Chimaera Roost |
| 9:03 | Advanced Strength of the Wild |
| 9:04 | Well Spring |
| 9:19 | Wisp |
| 9:20 | Wisp |
| 9:20 | Wisp |
| 9:42 | Nature's Blessing |
| 10:30 | Corrosive Breath |
| 10:30 | Chimaera |
| 10:43 | Tree of Life |
| 11:04 | Chimaera |
| 11:32 | Thorns Aura |
| 11:54 | Chimaera |
| 13:14 | Chimaera |
| 13:23 | Entangling Roots |
| 13:29 | Wisp |
| 13:29 | Wisp |
| 13:29 | Wisp |
| 13:29 | Wisp |
| Right click | 418 |
| Select group | 219 |
| Chat | 153 |
| Select | 75 |
| Build/train/purchase | 52 |
| Assign group | 32 |
| Misc. action | 29 |
| Use ability | 26 |
| Minimap ping | 4 |
| Esc | 2 |
⇛